 Dungeon Crawl Stone Soup version 0.30-a0-535-g2c0b3469a7 (webtiles) character file.

Game seed: 16779121972414911164

6779 Conn the Arsonist (level 11, 0/99 HPs)
             Began as an Octopode Fire Elementalist on Dec 25, 2022.
             Was a Priest of Sif Muna.
             Slain by a centaur warrior (8 damage)
             ... on level 10 of the Dungeon.
             The game lasted 00:37:54 (11194 turns).

Conn the Arsonist (Octopode Fire Elementalist)     Turns: 11194, Time: 00:37:55

Health: 0/99       AC:  1    Str:  9    XL:     11   Next: 5%
Magic:  21/32      EV: 14    Int: 22    God:    Sif Muna [***...]
Gold:   507        SH:  0    Dex: 13    Spells: 3/26 levels left

rFire   + . .      SeeInvis .    e - staff of fire
rCold   + . .      Faith    .    (no shield)
rNeg    + . .      Spirit   .    (helmet restricted)
rPois   .          Reflect  .    x - amulet of the acrobat
rElec   .          Harm     .    l - ring "Odykyempaa" {rC+ Will+ MP+9 Str+2}
rCorr   .          Rampage  .    o - ring of positive energy
Will    +....                    (no ring) Stlth
                                 (no ring)
HPRegen 0.36/turn                (no ring)
MPRegen 0.23/turn                (no ring)
                                 (no ring)
                                 (no ring)

@: berserking, very quick
A: almost no armour, amphibious, 8 rings, camouflage 1, gelatinous body 1,
(nimble swimmer 1), tentacles
a: Renounce Religion, Channel Magic, Forget Spell


You were on level 10 of the Dungeon.
You worshipped Sif Muna.
Sif Muna was most pleased with you.
You visited 1 branch of the dungeon, and saw 10 of its levels.
You also visited: Sewer.

You collected 524 gold pieces.
You spent 17 gold pieces at shops.

Inventory:

Hand Weapons
 F - a +5 short sword of chaos
Missiles
 t - 3 curare-tipped darts
 C - a throwing net
Magical Staves
 c - a staff of cold
 e - a staff of fire (weapon)
Jewellery
 l - the ring "Odykyempaa" (left tentacle) {rC+ Will+ MP+9 Str+2}
   (You acquired it in a sewer)

   [ring of magical power]

   Str:       It affects your strength (+2).
   rC:        It protects you from cold.
   MP:        It affects your magic capacity (+9).
   Will:      It increases your willpower.
 m - a ring of ice
 o - a ring of positive energy (right tentacle)
 x - an amulet of the acrobat (around mantle)
Wands
 f - a wand of roots (6)
 w - a wand of flame (39)
Scrolls
 g - a scroll of immolation
 i - 2 scrolls of torment
 k - 2 scrolls of amnesia
 s - 3 scrolls of enchant weapon
 u - a scroll of fog
 v - a scroll of magic mapping
 y - 2 scrolls of blinking
 A - 2 scrolls of poison
Potions
 a - a potion of magic
 b - a potion of might
 d - 5 potions of curing
 h - a potion of brilliance
 j - 3 potions of mutation
 n - 2 potions of berserk rage
 p - a potion of cancellation
 q - 2 potions of lignification
 z - a potion of haste
 D - a potion of flight
 E - a potion of attraction {unknown}


   Skills:
 + Level 2.7 Fighting
 + Level 2.0 Staves
 + Level 3.8 Dodging
 + Level 6.2 Stealth
 + Level 8.1 Spellcasting
 + Level 5.5 Conjurations
 + Level 0.7 Hexes
 * Level 3.9 Translocations
 + Level 9.1 Fire Magic
 * Level 4.2 Ice Magic
 * Level 3.8 Air Magic


You had 3 spell levels left.
You knew the following spells:

 Your Spells              Type           Power      Damage    Failure   Level
a - Foxfire               Conj/Fire      100%       2x1d9     1%          1
b - Kindle Blastsparks    Fire/Tloc/Air  100%       2d18      2%          3
c - Inner Flame           Hex/Fire       45%        N/A       3%          3
d - Flame Wave            Conj/Fire      58%        2d14      3%          4
e - Scorch                Fire           100%       2d10      1%          2
f - Swiftness             Air            25%        N/A       4%          3
g - Airstrike             Air            12%        2d(2-18)  16%         4
h - Mephitic Cloud        Conj/Pois/Air  22%        N/A       6%          3

Your spell library contained the following spells:

 Spells                   Type           Power      Damage    Failure   Level
 Magic Dart               Conj           100%       1d8       1%          1
 Shock                    Conj/Air       100%       1d9       1%          1
 Kiss of Death            Conj/Necr      84%        2d11      2%          1
 Frozen Ramparts          Ice            54%        1d9       3%          3
 Poisonous Vapours        Pois/Air       34%        N/A       4%          2
 Slow                     Hex            48%        N/A       5%          1
 Dazzling Flash           Conj/Hex       44%        N/A       6%          3
 Cigotuvi's Dreadful Rot  Necr/Pois/Air  28%        N/A       7%          2
 Call Imp                 Summ           8%         N/A       11%         2
 Confusing Touch          Hex            12%        N/A       17%         3
 Vampiric Draining        Necr           8%         2d6       22%         3
 Sticky Flame             Conj/Fire      58%        2d7       3%          4
 Ice Form                 Ice/Tmut       18%        N/A       30%         4
 Summon Ice Beast         Ice/Summ       18%        N/A       30%         4
 Cause Fear               Hex            6%         N/A       50%         4
 Dispel Undead            Necr           8%         3d8       58%         4
 Silence                  Hex/Air        9%         N/A       63%         5
 Agony                    Necr           8%         N/A       90%         5
 Discord                  Hex            6%         N/A       100%        8


Dungeon Overview and Level Annotations

Branches:
Dungeon (10/15)            Temple (0/1) D:5           Sewer (visited)
   Lair: D:8-11         Orc: D:9-12

Altars:
Elyvilon
Gozag
Hepliaklqana
Nemelex Xobeh
Okawaru
Ru
Sif Muna
Trog
Uskayaw
Vehumet
Xom
Yredelemnul
Zin

Shops:
D:1 *   D:7 *   D:8 *

Annotations:
D:10 2 transporters, Gastronok


Innate Abilities, Weirdness & Mutations

You cannot wear most types of armour.
You are amphibious.
You can wear up to eight rings at the same time.
Your skin changes colour to match your surroundings (Stealth+).
Your rubbery body absorbs attacks. (AC +1, EV +1)
((You are camouflaged when in or above water. (Stealth+)))
You have tentacles for arms and can constrict up to eight enemies at once.


Message History

Unknown command.
Unknown command.
Unknown command.
Unknown command.
Okay, then.
You feel much better. The centaur warrior hits you.
The centaur warrior barely misses you.
The orc knight hits you with a +0 bardiche!
The centaur warrior hits you! The centaur warrior closely misses you.
A red film seems to cover your vision as you go berserk!
You feel yourself moving faster!
You feel mighty!
The orc knight hits itself with a +0 bardiche!
The centaur warrior closely misses you. The centaur warrior barely misses you.
You hit the centaur warrior.
The centaur warrior is lightly wounded.
The centaur warrior hits you! The centaur warrior closely misses you.
The orc knight barely misses you.
You strike the helpless orc knight from behind!
You hit the orc knight. You grab the orc knight.
The orc knight is moderately wounded.
Your surroundings suddenly seem different.
You lose your grip on something.
The yak bellows! x2; You hear a horrible gurgling sound!
The centaur warrior misses you. The centaur warrior kicks you.
You hear a shout!
Unknown command.
The centaur warrior attacks as you move away!
The centaur warrior hits you!
* * * LOW HITPOINT WARNING * * *
The centaur warrior kicks you.
* * * LOW HITPOINT WARNING * * *
You are too berserk!
You closely miss the centaur warrior.
Your squeeze misses the centaur warrior.
The centaur warrior hits you!
* * * LOW HITPOINT WARNING * * *
The centaur warrior kicks you.
* * * LOW HITPOINT WARNING * * *
The centaur warrior hits you!
You die...

.#[}#..# #.#.#.#.#
.####.# #.#W##.#
.♣..##.## ## #.##..##
...©#W..# #.. #c#©..##
.♣..##.## #.#O##....#
.####.# #Y#O##.#.# .#
[#..# #.#Y#.#.#.# .#$
'.#.# #e###c##.#.#
.#!.#.Y#.#.#.###@#.#.#
.##⌠#.#.#.#.#.#.##.#.#
..###W.#####.#.##..#.###
#...####...#####..#....#
..#..............##.##.#
.....##....########.#
§≈# #######.....# #.# #
.............# #.#
######..~~~....# #.#


You could see a centaur warrior and 2 yaks.

Vanquished Creatures
  Pikel (D:5)
  An unseen horror zombie (D:8)
  A hornet (D:8)
  10 yaks
  2 wyverns (D:9)
  2 orc warriors
  A water moccasin (D:8)
  2 hornet zombies (D:8)
  2 ice beasts
  2 black bears
  An ogre (D:4)
  2 centaurs
  A lemure (D:5)
  A phantom (D:5)
  8 kobold brigands
  4 bullfrogs
  A gnoll sergeant (D:5)
  4 necrophages
  3 scorpions
  7 wights (D:8)
  3 killer bees (D:10)
  3 howler monkeys
  A centaur zombie (D:8)
  A human zombie (D:8)
  A hound (D:5)
  4 jellies
  3 orc priests
  Jessica (D:3)
  5 orc wizards
  4 iguanas
  A killer bee zombie (D:8)
  A mummy (D:8)
  21 gnolls
  12 adders
  3 shadow imps
  2 ufetubi (D:4)
  7 worms
  5 dart slugs
  28 orcs
  5 bats
  4 endoplasms
  4 giant cockroaches
  3 goblins
  3 hobgoblins
  24 kobolds
  3 quokkas
  8 ball pythons
  2 frilled lizards (D:1)
  8 rats
226 creatures vanquished.

Vanquished Creatures (others)
  730 foxfires
730 creatures vanquished.

Grand Total: 956 creatures vanquished

Notes
Turn   | Place    | Note
-------+----------+-------------------------------------------
     0 | D:1      | Conn the Octopode Fire Elementalist began the quest for the
                  | Orb.
     0 | D:1      | Reached XP level 1. HP: 11/11 MP: 3/3
   193 | D:1      | Reached XP level 2. HP: 17/17 MP: 3/5
   522 | D:1      | You fall into a shaft and drop 1 floor!
   729 | D:2      | Found a white marble altar of Elyvilon.
   745 | D:2      | Reached XP level 3. HP: 21/21 MP: 1/6
   943 | D:1      | Found Uskytuca's Assorted Antiques.
   980 | D:1      | Bought a fuming clear potion for 17 gold pieces
  1409 | D:1      | HP: 1/21 [gnoll/+0 club (6)]
  1504 | D:2      | Reached XP level 4. HP: 22/27 MP: 0/7
  1570 | D:2      | Learned a level 2 spell: Scorch
  1574 | D:2      | Learned a level 3 spell: Kindle Blastsparks
  1981 | D:2      | Noticed a scorpion
  1990 | D:2      | Killed a scorpion
  1991 | D:2      | Reached XP level 5. HP: 21/31 MP: 1/9
  2234 | D:2      | Reached skill level 4 in Fire Magic
  2796 | D:3      | Noticed Jessica
  2812 | D:3      | Killed Jessica
  2995 | D:3      | Reached XP level 6. HP: 37/37 MP: 0/11
  3279 | D:3      | Found a hide-covered altar of Uskayaw.
  3528 | D:3      | Learned a level 3 spell: Inner Flame
  3578 | D:4      | Found a radiant altar of Vehumet.
  3584 | D:4      | Noticed a black bear
  3595 | D:4      | Killed a black bear
  3596 | D:4      | Reached skill level 1 in Fighting
  3717 | D:4      | Found a glowing silver altar of Zin.
  3738 | D:4      | Found a shimmering blue altar of Sif Muna.
  3824 | D:4      | Reached XP level 7. HP: 20/43 MP: 3/12
  3930 | D:4      | Learned a level 4 spell: Flame Wave
  3977 | D:4      | Reached skill level 5 in Fire Magic
  4279 | D:4      | Found a shimmering altar of Xom.
  4546 | D:4      | Reached skill level 1 in Staves
  4697 | D:4      | Became a worshipper of Sif Muna the Loreminder
  4719 | D:5      | Entered Level 5 of the Dungeon
  4723 | D:5      | Noticed Pikel
  4741 | D:5      | Found a glowing drain.
  4752 | D:5      | Killed Pikel
  4753 | D:5      | Reached skill level 5 in Stealth
  4753 | D:5      | Reached skill level 5 in Spellcasting
  4753 | D:5      | Reached XP level 8. HP: 25/50 MP: 2/15
  4859 | Sewer    | Entered a sewer
  5098 | Sewer    | Identified a scroll of acquirement
  5098 | Sewer    | Acquired the ring "Odykyempaa" {rC+ Will+ MP+9 Str+2}
  5429 | Sewer    | Reached skill level 6 in Fire Magic
  5430 | Sewer    | Reached * piety under Sif Muna
  5685 | D:5      | Found a staircase to the Ecumenical Temple.
  5709 | D:5      | Reached XP level 9. HP: 54/54 MP: 17/17
  6031 | D:5      | Learned a level 3 spell: Swiftness
  6036 | D:5      | Learned a level 4 spell: Airstrike
  6264 | D:5      | Reached skill level 1 in Translocations
  6718 | D:6      | Found a sacrificial altar of Ru.
  6977 | D:6      | Reached skill level 1 in Air Magic
  7210 | D:6      | Found a sparkling altar of Nemelex Xobeh.
  7265 | D:6      | Reached skill level 1 in Ice Magic
  7477 | D:7      | Found Ytithesh's Assorted Antiques.
  7684 | D:7      | Found an opulent altar of Gozag.
  7781 | D:7      | Reached ** piety under Sif Muna
  7787 | D:7      | Reached skill level 7 in Fire Magic
  8442 | D:8      | Reached skill level 5 in Conjurations
  8612 | D:8      | Found Kougiret's Changing Room.
  8832 | D:8      | Reached XP level 10. HP: 54/60 MP: 20/20
  8949 | D:8      | Learned a level 3 spell: Mephitic Cloud
  9387 | D:8      | Reached skill level 8 in Fire Magic
  9650 | D:8      | Found a basalt altar of Yredelemnul.
 10003 | D:9      | Found a hazy altar of Hepliaklqana.
 10003 | D:9      | Found a bloodstained altar of Trog.
 10032 | D:9      | Reached *** piety under Sif Muna
 10364 | D:9      | Found an iron altar of Okawaru.
 10464 | D:9      | Noticed a fire crab
 10479 | D:10     | Entered Level 10 of the Dungeon
 10740 | D:10     | Found a transporter.
 10762 | D:10     | Found a transporter.
 10863 | D:10     | Reached XP level 11. HP: 66/66 MP: 11/23
 10864 | D:10     | Reached skill level 9 in Fire Magic
 10881 | D:10     | Noticed Gastronok
 11118 | D:10     | Noticed a centaur warrior
 11118 | D:10     | Noticed a two-headed ogre
 11119 | D:10     | Noticed a centaur warrior
 11143 | D:10     | Noticed a red ugly thing
 11148 | D:10     | Noticed a deep elf zephyrmancer
 11167 | D:10     | Noticed an orc knight
 11183 | D:10     | Noticed a centaur warrior
 11194 | D:10     | Slain by a centaur warrior

Illustrated notes

Levels and vault maps discovered:
D:1:      amcnicky_arrival_blooded_trapdoor, layout_basic, serial_shops,
          nicolae_lakefront_shop, corexii_item_surrounded_by_moat
D:2:      layout_loops_corners, basic_altar
D:3:      layout_rooms, nicolae_overflow_hidden_temple, serial_glass,
          glass_columns_b, glass_columns_b, uniq_jessica
D:4:      minmay_diamond_boxcup, layout_rooms, tgw_xom, led_sif_pool,
          old_standard_altar, zin_statuary
D:5:      layout_loops_cross, minmay_temple_entry_statues_pillars,
          cheibrodos_sewer_entry_drain, uniq_pikel
D:6:      layout_cave_pods, nemelex_spade_bored_becter,
          mainiacjoe_overflow_catwalk
D:7:      layout_layer_cave, kennysheep_mini_moat, serial_shops,
          nicolae_shop_hallway_stairs, minmay_misc_feat_five
D:8:      layout_loops_corners, lemuel_mausoleum_altar_yredelemnul,
          nicolae_transmutations_shop
D:9:      layout_big_octagon, mainiacjoe_overflow_surrounded_room,
          marbit_many_paths, chequers_temple_overflow_statue_of_worship,
          minmay_lair_entry_lava
D:10:     gammafunk_the_bubble [the_bubble_gammafunk_grid], layout_basic,
          lightli_temple_of_fire, serial_park_tiny_pond, kb_rosetta,
          uniq_gastronok

Skill      XL: |  1  2  3  4  5  6  7  8  9 10 11 |
---------------+----------------------------------+-----
Conjurations   | 2 3 4 5 |  5.5
Stealth        | 3 4 5 6 |  6.2
Fire Magic     | 4 5 6 7 8 9 |  9.1
Spellcasting   | 3 5 7 8 |  8.1
Fighting       | 1 2 |  2.7
Staves         | 1 2 |  2.0
Dodging        | 3 |  3.8
Translocations | 2 3 |  3.9
Air Magic      | 2 3 |  3.8
Ice Magic      | 2 4 |  4.2
Hexes          | |  0.7

Action                   |  1- 3 |  4- 6 |  7- 9 | 10-12 || total
-------------------------+-------+-------+-------+-------++-------
Melee: Staff             |     8 |    18 |    56 |    20 ||   102
       Tentacles         |     3 |     6 |    14 |     2 ||    25
       Constrict         |     1 |     6 |    14 |     3 ||    24
       Punch             |       |       |       |     1 ||     1
 Cast: Foxfire           |    50 |    72 |   204 |    94 ||   420
       Scorch            |       |    16 |    34 |    20 ||    70
       Flame Wave        |       |       |     5 |    13 ||    18
       Inner Flame       |       |       |     8 |     4 ||    12
       Kindle Blastspark |       |       |     2 |     1 ||     3
       Mephitic Cloud    |       |       |       |     1 ||     1
  Use: Potion            |       |     3 |     3 |     3 ||     9
       Scroll            |       |     9 |    10 |     8 ||    27
 Stab: Sleeping          |     2 |     2 |     7 |     2 ||    13
       Confused          |       |       |       |     1 ||     1
Armor: Skin              |       |     3 |     7 |     6 ||    16
Dodge: Dodged            |    10 |    33 |    73 |    58 ||   174

Table legend: (Time is in decaauts)
 A = Elapsed time spent in this place.
 B = Non-inter-level travel time spent in this place.
 C = Inter-level travel time spent in this place.
 D = Time resting spent in this place.
 E = Time spent auto-exploring this place.
 F = Levels seen in this place.
 G = Mean time per level.
                   A        B        C        D        E       F      G
               +--------+--------+--------+--------+--------+-----+--------+
         Total |  11226 |  11003 |    223 |    779 |   7380 |  11 | 1020.5 |
       Dungeon |  10399 |  10176 |    223 |    602 |   7007 |  10 | 1039.9 |
         Sewer |    827 |    827 |      0 |    177 |    373 |   1 |  827.0 |
               +--------+--------+--------+--------+--------+-----+--------+

Top non-repeatable levels by time:
     D:8: 1671 daAuts
     D:2: 1424 daAuts
     D:1: 1207 daAuts
     D:5: 1143 daAuts
     D:4: 1100 daAuts
     D:3: 997 daAuts
     D:7: 850 daAuts
   Sewer: 827 daAuts
     D:6: 807 daAuts
    D:10: 712 daAuts
     D:9: 483 daAuts
